 Dungeon Crawl Stone Soup version 0.16.1-4-g8e1b745 (webtiles) character file.

1137 inmateoo the Chopper (level 8, -1/73 HPs)
             Began as a Deep Dwarf Fighter on Mar 27, 2015.
             Slain by Menkaure (16 damage)
             ... on level 5 of the Dungeon.
             The game lasted 00:05:06 (2892 turns).

inmateoo the Chopper (Deep Dwarf Fighter)           Turns: 2892, Time: 00:05:07

Health: -1/73      AC: 15    Str: 23    XL:     8   Next: 14%
Magic:  14/14      EV:  6    Int:  8    God:
Gold:   160        SH: 10    Dex: 12    Spells: 0 memorised, 7 levels left

rFire  . . .     SeeInvis .     a - +1 war axe
rCold  . . .     Clarity  .     B - +0 chain mail
rNeg   . . .     SustAb   .     c - +0 shield
rPois  +         Gourm    .     v - +1 helmet
rElec  .         Spirit   .     (no cloak)
rCorr  .         Warding  .     (no gloves)
rMut   .         Stasis   .     (no boots)
MR     +....                    (no amulet)
Stlth  ..........               q - ring of poison resistance
                                i - +3 ring of protection

@: non-regenerating, somewhat resistant to hostile enchantments, extremely
unstealthy
A: damage resistance, recharge devices, sense surroundings 1, slow healing 3
a: Device Recharging


You were on level 5 of the Dungeon.
You were not hungry.

You visited 1 branch of the dungeon, and saw 5 of its levels.

You collected 160 gold pieces.

Inventory:

Hand weapons
 a - a +1 war axe (weapon)
Missiles
 A - a tomahawk (quivered)
Armour
 c - a +0 shield (worn)
 v - a +1 helmet (worn)
 B - a +0 chain mail (worn)
Jewellery
 i - a +3 ring of protection (left hand)
 m - an uncursed ring of positive energy
 q - a ring of poison resistance (right hand)
 t - an uncursed ring of fire
 x - an uncursed ring of see invisible {unknown}
Magical devices
 b - a wand of slowing (2)
 d - a wand of heal wounds (2)
 y - a wand of hasting (4)
 z - a wand of frost (4)
 F - a wand of lightning (5)
Scrolls
 h - 5 scrolls of remove curse
 j - 4 scrolls of teleportation
 k - a scroll of enchant weapon
 E - a scroll of identify
Potions
 e - 2 potions of might
 g - a potion of restore abilities
 l - 2 potions of cancellation
 n - 6 potions of curing
 o - a potion of haste
 r - 2 potions of brilliance
 s - a potion of lignification
 w - a potion of magic
 C - a potion of berserk rage
 D - a potion of agility
Comestibles
 f - 5 bread rations
 p - a beef jerky
 u - a meat ration


   Skills:
 + Level 4.3 Fighting
 * Level 6.7 Axes
 + Level 5.5 Armour
 + Level 5.4 Shields
 + Level 4.6 Evocations


You had 7 spell levels left.
You didn't know any spells.

Dungeon Overview and Level Annotations

Branches:
Dungeon (5/15)             Temple (0/1) D:4

Altars:
Cheibriados

Annotations:
D:5 Menkaure


Innate Abilities, Weirdness & Mutations

You are resistant to damage.
You can recharge devices by infusing magical energy.
You passively map a small area around you.
You do not heal naturally.


Message History

Your body is wracked with pain!
* * * LOW HITPOINT WARNING * * *
The adder bites you but does no damage. You block the adder's attack.
Menkaure hits you.
* * * LOW HITPOINT WARNING * * *
You are too injured to fight recklessly!
Unknown command.
You are too injured to fight recklessly!
Unknown command.
You closely miss Menkaure.
Menkaure is almost destroyed.
You hit the adder.
You kill the adder!
Menkaure hits you.
Unknown command.
Unknown command.
You barely miss Menkaure.
Menkaure is almost destroyed.
Menkaure hits you!
You die...

.#..#.##.....##..#.#.####
....#.##.#.#.##.........#
###.#.# ,#.#. #.....###.#
# #.#.## #,#
#.#...###.#### ..#....#
#, #.#..........#
.......# *
#.##....#########
..##...# #........# ##
#...# #..#[.####
###..##.#.#. #.@#
#.........#....M# **
##.#.>.#####......
...##..# #.##....
...#...# ... ......, ,
#.##...# .. ###.....,
.......# , #._..⌠.
....#..#, , #.....
.##...### ##. *


You could see Menkaure.

Vanquished Creatures
  Pikel (D:4)
  Eustachio (D:4)
  An ice beast (D:5)
  A slave (D:4)
  Duvessa (D:4)
  Dowan (D:4)
  A crimson imp (D:4)
  A hound (D:4)
  4 orc wizards (D:3)
  An iguana (D:4)
  3 gnolls (D:4)
  7 adders
  2 white imps (D:4)
  4 worms
  3 giant geckos
  An ooze (D:4)
  9 orcs (D:3)
  6 bats
  4 giant cockroaches
  7 goblins
  10 hobgoblins
  2 jackals (D:4)
  5 kobolds
  5 quokkas
  A ball python (D:3)
  2 giant newts
  5 rats
89 creatures vanquished.

Vanquished Creatures (others)
  2 hobgoblins (D:4)
  A jackal (D:4)
3 creatures vanquished.

Grand Total: 92 creatures vanquished

Notes
Turn   | Place    | Note
--------------------------------------------------------------
     0 | D:1      | inmateoo, the Deep Dwarf Fighter, began the quest for the Orb.
     0 | D:1      | Reached XP level 1. HP: 20/20 MP: 1/1
   121 | D:1      | Reached XP level 2. HP: 27/27 MP: 2/2
   751 | D:2      | Reached XP level 3. HP: 31/33 MP: 3/3
  1228 | D:3      | Reached XP level 4. HP: 21/42 MP: 4/4
  1358 | D:3      | Reached skill level 4 in Armour
  1379 | D:3      | Reached XP level 5. HP: 24/49 MP: 5/5
  1441 | D:3      | Reached skill level 1 in Evocations
  2142 | D:4      | Reached XP level 6. HP: 27/56 MP: 7/7
  2308 | D:4      | Noticed a slave
  2309 | D:4      | Noticed Pikel
  2310 | D:4      | Noticed a slave
  2311 | D:4      | Noticed a slave
  2313 | D:4      | Noticed a slave
  2332 | D:4      | Killed Pikel
  2332 | D:4      | Reached skill level 5 in Axes
  2332 | D:4      | Reached skill level 5 in Armour
  2332 | D:4      | Reached skill level 5 in Shields
  2332 | D:4      | Reached XP level 7. HP: 48/64 MP: 9/11
  2344 | D:4      | Killed a freed slave
  2358 | D:4      | Noticed Duvessa
  2359 | D:4      | Noticed Dowan
  2364 | D:4      | Killed Duvessa
  2364 | D:4      | Reached skill level 6 in Axes
  2378 | D:4      | Killed Dowan
  2469 | D:4      | Found a staircase to the Ecumenical Temple.
  2530 | D:4      | Noticed Eustachio
  2590 | D:4      | Killed Eustachio
  2590 | D:4      | Reached XP level 8. HP: 19/72 MP: 11/13
  2744 | D:5      | Entered Level 5 of the Dungeon
  2884 | D:5      | Noticed Menkaure
  2885 | D:5      | Found a snail-covered altar of Cheibriados.
  2892 | D:5      | Slain by Menkaure

Action                   |  1- 3 |  4- 6 |  7- 9 || total
-------------------------+-------+-------+-------++-------
Melee: War axe           |   118 |   136 |   101 ||   355
Evoke: Wand              |       |     4 |     3 ||     7
  Use: Scroll            |     8 |     4 |     5 ||    17
  Eat: Chunk             |       |     5 |     2 ||     7
